 Dungeon Crawl Stone Soup version 0.31-a0-543-geaa9c7a2c0 (webtiles) character file.

Game seed: 15473819228817952036

52 Conn the Firebug (level 3, -11/21 HPs)
             Began as an Octopode Fire Elementalist on Aug 15, 2023.
             Mangled by a gnoll
             ... wielding a +0 halberd
              (13 damage)
             ... on level 2 of the Dungeon.
             The game lasted 00:03:22 (1100 turns).

Conn the Firebug (Octopode Fire Elementalist)       Turns: 1100, Time: 00:03:23

Health: -11/21     AC:  1    Str:  7    XL:     3   Next: 85%
Magic:  5/6        EV: 13    Int: 19    God:
Gold:   31         SH:  0    Dex: 12    Spells: 6/7 levels left

rFire   . . .        j - staff of air
rCold   . . .        (no shield)
rNeg    . . .        (helmet restricted)
rPois   .            (no amulet)
rElec   +            i - ring of see invisible
rCorr   .            (no ring)
SInv    +            (no ring)
Will    .....        (no ring)
Stlth   +++          (no ring)
HPRegen 0.23/turn    (no ring)
MPRegen 0.10/turn    (no ring)
                     (no ring)

%: no passive effects
@: mighty
A: almost no armour, amphibious, 8 rings, camouflage 1, gelatinous body 1,
(nimble swimmer 1), tentacles
a: no special abilities


You were on level 2 of the Dungeon.
You visited 1 branch of the dungeon, and saw 2 of its levels.

You collected 65 gold pieces.
You spent 34 gold pieces at shops.

Inventory:

Hand Weapons
 b - a +0 dagger
Magical Staves
 j - a staff of air (weapon)
Jewellery
 i - a ring of see invisible (left tentacle)
Potions
 a - a potion of magic
 c - a potion of curing
 g - a potion of berserk rage {unknown}


   Skills:
 + Level 2.4 Dodging
 + Level 3.1 Stealth
 + Level 2.5 Spellcasting
 + Level 1.2 Conjurations
 + Level 3.7 Fire Magic


You had 6 spell levels left.
You knew the following spells:

 Your Spells              Type           Power      Damage    Failure   Level
a - Foxfire               Conj/Fire      44%        2x1d6     6%          1

Your spell library contained the following spells:

 Spells                   Type           Power      Damage    Failure   Level
 Scorch                   Fire           32%        2d6       5%          2
 Inner Flame              Hex/Fire       9%         N/A       22%         3
 Volatile Blastmotes      Fire/Tloc      18%        2d11      22%         3
 Flame Wave               Conj/Fire      11%        2d6       50%         4


Dungeon Overview and Level Annotations

Branches:
Dungeon (2/15)

Altars:

Shops:
D:1 *


Innate Abilities, Weirdness & Mutations

You cannot wear most types of armour.
You are amphibious.
You can wear up to eight rings at the same time.
Your skin changes colour to match your surroundings (Stealth+).
Your rubbery body absorbs attacks. (AC +1, EV +1)
((You are camouflaged when in or above water. (Stealth+)))
You have tentacles for arms and can constrict up to eight enemies at once.


Message History

The foxfire hits the gnoll but does no damage.
Unknown command.
Okay, then.
Okay, then.
Unknown command.
Unknown command.
Unknown command.
As you read the scroll labelled XYIRRU RURE, it crumbles to dust.
It is a scroll of enchant armour.
You aren't carrying any armour which can be enchanted further.
The foxfire hits the gnoll.
The gnoll is lightly wounded.
The air fills with toxic fumes!
As you read the scroll labelled JALIGE NOTS, it crumbles to dust.
It was a scroll of poison.
The gnoll hits you from afar with a +0 halberd!
Ouch! That really hurt!
The gnoll hits you with a +0 whip.
* * * LOW HITPOINT WARNING * * *
Unknown command.
Unknown command.
Unknown command.
Okay, then.
As you read the scroll labelled ALAZEH GYDAN, it crumbles to dust.
It is a scroll of identify.
c - a potion of curing The gnoll hits you from afar with a +0 halberd.
* * * LOW HITPOINT WARNING * * *
The gnoll misses you.
Okay, then.
You aren't carrying any items that you can evoke.
Unknown command.
Unknown command.
Unknown command.
You aren't carrying any scrolls.
It was a potion of might.
You feel very mighty all of a sudden.
The gnoll hits you from afar with a +0 halberd!
Ouch! That really hurt!
You die...

#<##.##.# # #.......#
§# ####.#### ###§
###.### #§§ #.....#
##§# #.###.## ##g§#
#.# #..#
####g§§#######.###...
+§§§@§§§§§§§.........
####.§§§§#######.....
#§§#§§# #.##.#
#§§§.§# #.####
#§§§§.# #.# ###§###
#.# #§# #.# #§# ...
#.#


You could see 2 gnolls.

Vanquished Creatures
  2 adders (D:2)
  A gnoll (D:2)
  A bat (D:2)
  2 endoplasms (D:1)
  4 giant cockroaches (D:1)
  3 goblins
  2 hobgoblins
  3 quokkas
  A kobold (D:1)
  3 rats
22 creatures vanquished.

Vanquished Creatures (others)
  66 foxfires
66 creatures vanquished.

Grand Total: 88 creatures vanquished

Notes
Turn   | Place    | Note
-------+----------+-------------------------------------------
     0 | D:1      | Conn the Octopode Fire Elementalist began the quest for the
                  | Orb.
     0 | D:1      | Reached XP level 1. HP: 11/11 MP: 3/3
   119 | D:1      | Reached XP level 2. HP: 17/17 MP: 1/5
   573 | D:1      | Found Xejag's Assorted Antiques.
   591 | D:1      | Bought a scroll labelled JALIGE NOTS for 18 gold pieces
   591 | D:1      | Bought a sapphire potion for 16 gold pieces
   856 | D:2      | Reached XP level 3. HP: 20/21 MP: 3/6
   862 | D:2      | Found a faded altar of an unknown god.
  1100 | D:2      | Mangled by a gnoll

Illustrated notes

Levels and vault maps discovered:
D:1:      tarquinn_simple_flora_water_c, layout_loops_ring, serial_shops, shop
D:2:      minmay_razor_zed, layout_loops_corners, basic_altar,
          shapermc_ecumenical_altar_notcrosses, serial_park_tiny_pond,
          st_stairs_10, kennysheep_generic_room_3

Skill      XL: |  1  2  3 |
---------------+----------+-----
Stealth        | 3 |  3.1
Dodging        | |  2.4
Spellcasting   | |  2.5
Conjurations   | |  1.2
Fire Magic     | |  3.7

Action                     || total
---------------------------++-------
  Melee: Unarmed           ||     4
         Tentacles         ||     4
         Constrict         ||     5
         Dagger            ||    12
         Staff             ||     7
   Cast: Foxfire           ||    38
    Use: Scroll            ||     3
         Potion            ||     1
   Stab: Sleeping          ||     1
 Armour: Skin              ||     3
  Dodge: Dodged            ||    20

Table legend: (Time is in decaauts)
 A = Elapsed time spent in this place.
 B = Non-inter-level travel time spent in this place.
 C = Inter-level travel time spent in this place.
 D = Time resting spent in this place.
 E = Time spent auto-exploring this place.
 F = Levels seen in this place.
 G = Mean time per level.
                   A        B        C        D        E       F      G
               +--------+--------+--------+--------+--------+-----+--------+
         Total |   1099 |   1080 |     19 |      0 |    856 |   2 |  549.5 |
       Dungeon |   1099 |   1080 |     19 |      0 |    856 |   2 |  549.5 |
               +--------+--------+--------+--------+--------+-----+--------+

Top non-repeatable levels by time:
     D:1: 816 daAuts
     D:2: 283 daAuts
